 Dungeon Crawl Stone Soup version 0.29.0-4-gdea44cf6ec (webtiles) character file.

Game seed: 3478807701454712660

293 qw the Ruffian (level 6, -3/51 HPs)
             Began as a Ghoul Fire Elementalist on Aug 29, 2022.
             Slain by an orc wizard
             ... wielding a +2 dagger of holy wrath
              (5 damage)
             ... on level 4 of the Dungeon.
             The game lasted 00:02:04 (3304 turns).

qw the Ruffian (Ghoul Fire Elementalist)            Turns: 3304, Time: 00:02:05

Health: -3/51      AC:  8    Str: 14    XL:     6   Next: 33%
Magic:  7/7        EV:  6    Int: 10    God:
Gold:   133        SH:  0    Dex:  9    Spells: 7/8 levels left

rFire   . . .      SeeInvis .     - Unarmed
rCold   + . .      Faith    .   (no shield)
rNeg    + + +      Spirit   .   e - +0 chain mail
rPois   inf        Reflect  +   (no helmet)
rElec   .          Harm     .   (no cloak)
rCorr   .          Rampage  .   (no gloves)
Will    .....                   (no boots)
Stlth   ..........              c - amulet of reflection
HPRegen 0.00/turn               (no ring)
MPRegen 0.10/turn               (no ring)

@: confused, inhibited regen
A: claws 1, cold resistance 1, negative energy resistance 3, inhibited
regeneration, torment resistance 2, devour on kill
a: no special abilities


You were on level 4 of the Dungeon.
You visited 1 branch of the dungeon, and saw 4 of its levels.

You collected 133 gold pieces.


Innate Abilities, Weirdness & Mutations

You are immune to poison.
You have sharp fingernails.
Your flesh is cold resistant. (rC+)
You are immune to negative energy. (rN+++)
You do not regenerate when monsters are visible.
You are immune to unholy pain and torment.
You thrive by killing the living.


   Skills:
 - Level 3.4 Fighting
 - Level 0.4 Throwing
 - Level 2.3 Armour
 - Level 1.7 Dodging
 - Level 2.1 Stealth
 + Level 4.3 Unarmed Combat
 - Level 1.7 Spellcasting
 - Level 0.7 Conjurations
 - Level 2.4 Fire Magic


You had 7 spell levels left.
You knew the following spells:

 Your Spells              Type           Power      Damage    Failure   Level
a - Foxfire               Conj/Fire      16%        2x1d4     99%         1

Your spell library contained the following spells:

 Spells                   Type           Power      Damage    Failure   Level
 Scorch                   Fire           10%        2d5       99%         2
 Conjure Flame            Conj/Fire      4%         6-21      100%        3
 Inner Flame              Hex/Fire       3%         N/A       100%        3
 Flame Wave               Conj/Fire      4%         2d5       100%        4

Inventory:

Missiles
 g - 6 boomerangs (quivered)
Armour
 e - a +0 chain mail (worn)
Jewellery
 c - an amulet of reflection (around neck)
 i - a +6 ring of strength
Scrolls
 d - a scroll of identify
 n - a scroll of enchant weapon
Potions
 a - a potion of attraction {unknown}
 f - 4 potions of flight {unknown}
 h - a potion of brilliance {unknown}
 j - a potion of curing {unknown}

Dungeon Overview and Level Annotations

Branches:
Dungeon (4/15)
 Temple: D:4-7

Altars:

Annotations:
D:3 1 runed translucent door, Crazy Yiuf


Message History

The orc warrior closely misses you.
The orc wizard points at you and mumbles some strange words.
You are confused.
The orc wizard barely misses you.
You bump into the rock wall.
The orc warrior hits you with a +0 flail.
The orc wizard hits you but does no damage. x2
You bump into the rock wall.
The orc warrior barely misses you.
The orc wizard gestures wildly while chanting.
The orc wizard flickers and vanishes!
Deactivating autopickup; reactivate with Ctrl-A.
The orc wizard hits you with a +0 dagger.
You scratch the orc warrior.
The orc warrior is heavily wounded.
The orc warrior hits you with a +0 flail.
You hear some strange, mumbled words.
You are more confused.
The orc wizard hits you with a +0 dagger.
You miss the orc wizard.
The orc warrior hits you with a +0 flail!
Something hits you.
You convulse.
The orc wizard completely misses you.
3301 ||| DRINKING potion of heal wounds.
You feel much better.
The orc warrior hits you with a +0 flail.
Something hits you.
You convulse.
The orc wizard casts a spell at you. The magic dart hits you!
You scratch the orc wizard but do no damage.
The orc warrior hits you with a +0 flail.
Something hits you but does no damage.
The orc wizard casts a spell.
The orc wizard flickers and vanishes!
You bump into the rock wall.
The orc warrior hits you but does no damage.
Something hits you but does no damage. Something hits you.
You bump into the rock wall.
The orc warrior hits you with a +0 flail!
Something hits you.
You die...

... .<. . #.# .... #.#
.... #######+#.# .....
.........<### ......
...##........
......###+###........###
.....o{@......#......###
####..{o......#...%.%...
..............##..%#####
..............##....## #
.....####'######.#...###
..... ##'######.#.#..##
#### #.........#.##.##
#.........#.##...
##.....)...#.#####


You could see an orc warrior and an orc.

Vanquished Creatures
  An ice beast (D:3)
  A phantom (D:4)
  A jelly (D:3)
  6 adders
  A dart slug (D:3)
  6 bats
  An endoplasm (D:1)
  A giant cockroach (D:1)
  4 goblins
  5 hobgoblins
  4 jackals (D:4)
  7 kobolds
  A quokka (D:1)
  4 ball pythons
  3 frilled lizards
  3 rats
49 creatures vanquished.

Vanquished Creatures (others)
  A kobold (D:3)
1 creature vanquished.

Grand Total: 50 creatures vanquished

Notes
Turn   | Place    | Note
-------+----------+-------------------------------------------
     0 | D:1      | qw the Ghoul Fire Elementalist began the quest for the Orb.
     0 | D:1      | Reached XP level 1. HP: 14/14 MP: 2/2
     0 | D:1      | 0 ||| qw: Version: 0.1-a-90-g952f4b7
     0 | D:1      | 0 ||| qw: Game counter: 3845
     0 | D:1      | 0 ||| qw: Always use a shield: true
     0 | D:1      | 0 ||| qw: God list: Okawaru
     0 | D:1      | 0 ||| qw: Allow faded altars: false
     0 | D:1      | 0 ||| qw: Do Orc after D:15 true
     0 | D:1      | 0 ||| qw: Do second Lair branch before Depths: true
     0 | D:1      | 0 ||| qw: Lair rune preference: random
     0 | D:1      | 0 ||| qw: Plans: Normal
     0 | D:1      | 0 ||| PLANNING D:1-11
   158 | D:1      | Reached skill level 1 in Unarmed Combat
   159 | D:1      | 159 ||| Stepping ~*~*~tactically~*~*~ (stealth).
   193 | D:1      | Reached XP level 2. HP: 22/22 MP: 3/3
   221 | D:1      | Reached skill level 1 in Fighting
   404 | D:1      | 404 ||| Stepping ~*~*~tactically~*~*~ (stealth).
   413 | D:1      | 413 ||| Stepping ~*~*~tactically~*~*~ (outnumbered).
   414 | D:1      | 414 ||| Stepping ~*~*~tactically~*~*~ (outnumbered).
   415 | D:1      | 415 ||| Stepping ~*~*~tactically~*~*~ (outnumbered).
   416 | D:1      | 416 ||| Stepping ~*~*~tactically~*~*~ (outnumbered).
   417 | D:1      | 417 ||| Stepping ~*~*~tactically~*~*~ (outnumbered).
   718 | D:1      | Reached skill level 2 in Unarmed Combat
   928 | D:1      | 928 ||| UPGRADING to +0 chain mail.
   938 | D:1      | 938 ||| DROPPING +0 robe.
   939 | D:1      | 939 ||| READING 2 scrolls labelled EQUVIZ LIFIR.
   940 | D:1      | 940 ||| READING scroll labelled ETHELA FUILAOKH.
   941 | D:1      | 941 ||| DROPPING potion of magic.
  1043 | D:2      | Reached XP level 3. HP: 14/28 MP: 4/4
  1378 | D:2      | Reached skill level 3 in Unarmed Combat
  1590 | D:2      | 1590 ||| UPGRADING to amulet of guardian spirit.
  1595 | D:2      | 1595 ||| UPGRADING to amulet of reflection.
  1605 | D:2      | 1605 ||| DROPPING amulet of guardian spirit.
  1606 | D:2      | 1606 ||| READING scroll labelled KAOS KAOMA.
  1607 | D:2      | 1607 ||| READING scroll labelled UMOHAGH QUAGO.
  1608 | D:2      | 1608 ||| DRINKING 3 fuming black potions.
  1609 | D:2      | 1609 ||| DROPPING 2 potions of invisibility.
  1823 | D:3      | Found a faded altar of an unknown god.
  1828 | D:3      | Reached XP level 4. HP: 35/35 MP: 5/5
  1891 | D:3      | 1891 ||| Stepping ~*~*~tactically~*~*~ (hiding).
  2050 | D:3      | Reached skill level 4 in Unarmed Combat
  2143 | D:3      | Noticed an ice beast
  2160 | D:3      | Killed an ice beast
  2161 | D:3      | Reached skill level 3 in Fighting
  2161 | D:3      | Reached XP level 5. HP: 16/45 MP: 6/6
  2461 | D:3      | Found a runed translucent door.
  2462 | D:3      | Noticed Crazy Yiuf
  2797 | D:3      | 2797 ||| DROPPING amulet of magic regeneration.
  2798 | D:3      | 2798 ||| READING scroll labelled WOMEMEALEU.
  2799 | D:3      | 2799 ||| READING scroll labelled GYAXAO LAOSKOG.
  2800 | D:3      | 2800 ||| DRINKING 2 fuming silvery potions.
  2840 | D:4      | 2840 ||| PLANNING OSSUARY
  2896 | D:4      | 2896 ||| Stepping ~*~*~tactically~*~*~ (stealth).
  2898 | D:4      | 2898 ||| Stepping ~*~*~tactically~*~*~ (stealth).
  3102 | D:4      | Noticed a phantom
  3118 | D:4      | Killed a phantom
  3119 | D:4      | Reached XP level 6. HP: 39/51 MP: 7/7
  3284 | D:4      | Noticed an orc warrior
  3287 | D:4      | 3287 ||| Stepping ~*~*~tactically~*~*~ (hiding).
  3288 | D:4      | 3288 ||| Stepping ~*~*~tactically~*~*~ (hiding).
  3300 | D:4      | HP: 9/51 [something (4)]
  3301 | D:4      | 3301 ||| DRINKING potion of heal wounds.
  3304 | D:4      | HP: 2/51 [orc warrior/+0 flail (8)]
  3304 | D:4      | Slain by an orc wizard

Levels and vault maps discovered:
D:1:      nzn_arrival_depleted_hourglass, layout_rooms
D:2:      layout_basic, kennysheep_path_1
D:3:      layout_loops_corners, shapermc_ecumenical_altar_mp_highgroup,
          uniq_crazy_yiuf_cottage
D:4:      layout_basic, lemuel_doored_altar, trog_ov_bears_minmay,
          enter_ossuary_2

Skill      XL: |  1  2  3  4  5 |
---------------+----------------+-----
Unarmed Combat | 1 2 3 4 |  4.3
Fighting       | 1 3 |  3.4
Armour         | 2 |  2.3
Throwing       | |  0.4
Dodging        | |  1.7
Stealth        | |  2.1
Spellcasting   | |  1.7
Conjurations   | |  0.7
Fire Magic     | |  2.4

Action                   |  1- 3 |  4- 6 || total
-------------------------+-------+-------++-------
Melee: Unarmed           |    78 |    95 ||   173
       Punch             |       |     2 ||     2
Throw: Javelin           |    18 |    10 ||    28
       Boomerang         |     2 |    10 ||    12
  Use: Scroll            |     4 |     2 ||     6
       Potion            |     1 |     2 ||     3
Armor: Robe              |    12 |       ||    12
       Chain mail        |    23 |    61 ||    84
Dodge: Dodged            |    27 |    26 ||    53
Block: Other             |     1 |    20 ||    21
       Reflection        |       |     1 ||     1

Table legend:
 A = Non-vault XP
 B = Vault XP
 C = Vault XP percentage of total XP
 D = Non-vault monster count
 E = Vault monster count
 F = Vault count percentage of total count
                 A         B        C        D         E       F
            +---------+---------+-------+---------+---------+-------
      Total |     419 |       0 |   0.0 |      50 |       0 |   0.0
            +---------+---------+-------+---------+---------+-------
        D:1 |      31 |       0 |   0.0 |      18 |       0 |   0.0
        D:2 |      36 |       0 |   0.0 |       7 |       0 |   0.0
        D:3 |     203 |       0 |   0.0 |      12 |       0 |   0.0
        D:4 |     149 |       0 |   0.0 |      13 |       0 |   0.0
            +---------+---------+-------+---------+---------+-------
